 Dungeon Crawl Stone Soup version 0.31.0-11-ge490571c62 (webtiles) character file.

Game seed: 12633299833578404785

193 qw the Skirmisher (level 5, -1/29 HPs)
             Began as a Deep Elf Hunter on Feb 4, 2024.
             Slain by a gnoll
             ... wielding a +0 halberd
             ... led by a gnoll bouda
              (7 damage)
             ... on level 4 of the Dungeon.
             The game lasted 00:00:09 (2515 turns).

qw the Skirmisher (Deep Elf Hunter)                 Turns: 2515, Time: 00:00:09

Health: -1/29      AC:  8    Str: 16    XL:     5   Next: 43%
Magic:  7/7        EV: 11    Int: 14    God:
Gold:   55         SH:  0    Dex: 18    Spells: 4/4 levels left

rFire   + . .        a - +0 shortbow
rCold   . . .        (shield currently unavailable)
rNeg    . . .        b - +0 ring mail
rPois   .            (no helmet)
rElec   .            h - +0 cloak
rCorr   .            d - +1 pair of gloves
SInv    .            (no boots)
Will    .....        (no amulet)
Stlth   +            j - +6 ring of strength
HPRegen 0.24/turn    g - ring of protection from fire
MPRegen 0.10/turn

%: no passive effects
@: no status effects
A: no striking features
a: no special abilities


You were on level 4 of the Dungeon.
You visited 1 branch of the dungeon, and saw 4 of its levels.

You collected 109 gold pieces.
You spent 54 gold pieces at shops.


   Skills:
 + Level 1.5 Fighting
 - Level 9.0 Ranged Weapons
 - Level 2.4 Dodging
 - Level 1.2 Stealth


You had 4 spell levels left.
You didn't know any spells.
Your spell library was empty.

Inventory:

Hand Weapons
 a - a +0 shortbow (weapon)
Armour
 b - a +0 ring mail (worn)
 d - a +1 pair of gloves (worn)
 h - a +0 cloak (worn)
Jewellery
 g - a ring of protection from fire (right hand)
 j - a +6 ring of strength (left hand)
Potions
 e - a potion of curing
 k - a potion of resistance
 l - a potion of haste

Dungeon Overview and Level Annotations

Branches:
Dungeon (4/15)
 Temple: D:4-7

Altars:

Shops:
D:2 *


Message History

The gnoll bouda gazes fiercely through you!
You feel as though you will be weak longer.
You shoot an arrow.
The arrow hits the gnoll but does no damage.
The gnoll is heavily wounded.
The gnoll closely misses you. The gnoll barely misses you.
You shoot an arrow. The arrow hits the gnoll!
You kill the gnoll!
The gnoll barely misses you.
The gnoll bouda calls upon its god to heal the gnoll.
The gnoll's wounds heal themselves!
The gnoll closely misses you.
You shoot an arrow. The arrow hits the gnoll.
The gnoll is moderately wounded.
The gnoll misses you.
A hobgoblin comes into view.
You shoot an arrow. The arrow hits the gnoll bouda.
You kill the gnoll bouda!
The gnoll hits you from afar with a +0 halberd.
The gnoll hits you with a +0 flail.
You shoot an arrow.
The arrow hits the gnoll but does no damage.
The gnoll is moderately wounded.
The gnoll barely misses you. x2
You shoot an arrow. The arrow hits the gnoll.
The gnoll is almost dead.
The hobgoblin hits you but does no damage.
The gnoll closely misses you. x2
You shoot an arrow. The arrow hits the gnoll!
You kill the gnoll!
The gnoll barely misses you. The hobgoblin misses you.
Your Ranged Weapons skill increases to level 9!
You shoot an arrow. The arrow hits the gnoll!
The gnoll is almost dead.
Your attacks no longer feel as feeble.
The gnoll closely misses you. The hobgoblin hits you.
The gnoll hits you with a +0 flail.
You shoot an arrow. The arrow hits the gnoll.
You kill the gnoll!
The gnoll hits you from afar with a +0 halberd!
You die...

#. #.# #.# +#
######.## ...
#.......# ....
#.......# .....
#.......####g.....
#........g@)g.....
#.......####......
#.......# .....
#.......# $...
####<#### (.. #%#
+# #.# #.# #.#


You could see 2 gnolls and a hobgoblin.

Vanquished Creatures
  A gnoll bouda (D:4)
  3 gnolls (D:4)
  6 adders
  4 ribbon worms
  3 dart slugs
  7 ball pythons
  11 endoplasms
  2 giant cockroaches
  5 goblins
  8 hobgoblins
  7 jackals (D:1)
  4 quokkas
  3 bats (D:2)
  3 frilled lizards
  4 kobolds (D:1)
  4 rats
75 creatures vanquished.

Notes
Turn   | Place    | Note
-------+----------+-------------------------------------------
     0 | D:1      | qw the Deep Elf Hunter began the quest for the Orb.
     0 | D:1      | Reached XP level 1. HP: 12/12 MP: 3/3
     0 | D:1      | 0 ||| qw: Version: 0.3-a-160-g6735b56
     0 | D:1      | 0 ||| qw: Game counter: 4827
     0 | D:1      | 0 ||| qw: Melee chars always use a shield: true
     0 | D:1      | 0 ||| qw: God list: Okawaru
     0 | D:1      | 0 ||| qw: Allow faded altars: false
     0 | D:1      | 0 ||| qw: Do Orc after clearing Dungeon:15 true
     0 | D:1      | 0 ||| qw: Do second Lair branch before Depths: true
     0 | D:1      | 0 ||| qw: Lair rune preference: random
     0 | D:1      | 0 ||| qw: Goals: Normal
     0 | D:1      | 0 ||| PLANNING D:1-11
    85 | D:1      | Reached XP level 2. HP: 16/16 MP: 4/4
   108 | D:1      | Reached skill level 6 in Ranged Weapons
   117 | D:1      | HP: 3/16 [kobold/+0 whip (2)]
   119 | D:1      | HP: 1/16 [quokka (3)]
   298 | D:1      | Reached XP level 3. HP: 20/20 MP: 5/5
   468 | D:1      | Found a faded altar of an unknown god.
   687 | D:1      | 687 ||| UPGRADING to +0 pair of gloves.
   692 | D:1      | 692 ||| UPGRADING to +0 cloak.
   697 | D:1      | 697 ||| DROPPING ring of flight.
   698 | D:1      | 698 ||| UPGRADING to +6 ring of strength.
   699 | D:1      | 699 ||| READING scroll labelled TOTHELUB TIAR.
   700 | D:1      | 700 ||| READING scroll labelled FORIEG AKYG.
   701 | D:1      | 701 ||| READING 2 scrolls labelled EMICVIN FOXE.
   701 | D:1      | 701 ||| IDENTIFYING fizzy pink potion
   702 | D:1      | 702 ||| READING scroll of identify.
   702 | D:1      | 702 ||| IDENTIFYING scroll labelled WURASSACIRCH
   703 | D:1      | 703 ||| DROPPING scroll of butterflies.
   704 | D:1      | 704 ||| DROPPING scroll of immolation.
   770 | D:2      | Reached skill level 7 in Ranged Weapons
  1025 | D:2      | Found Ykarosic's Assorted Antiques.
  1033 | D:2      | 1033 ||| SHOPLISTING ivory wand (108 gold, have 64).
  1033 | D:2      | 1033 ||| SHOPLISTING runed scale mail (189 gold, have 64).
  1033 | D:2      | 1033 ||| BUYING scroll of identify (54 gold).
  1033 | D:2      | Bought a scroll of identify for 54 gold pieces
  1585 | D:2      | Reached XP level 4. HP: 25/25 MP: 6/6
  1820 | D:2      | 1820 ||| UPGRADING to +0 ring mail.
  1830 | D:2      | 1830 ||| DROPPING +0 leather armour.
  1831 | D:2      | 1831 ||| UPGRADING to ring of protection from fire.
  1832 | D:2      | 1832 ||| READING 2 scrolls of identify.
  1832 | D:2      | 1832 ||| IDENTIFYING scroll labelled KUTIFA ZETUO
  1833 | D:2      | 1833 ||| READING scroll of enchant armour.
  1833 | D:2      | 1833 ||| ENCHANTING +0 pair of gloves.
  1941 | D:3      | Reached skill level 8 in Ranged Weapons
  2318 | D:3      | Reached XP level 5. HP: 29/29 MP: 7/7
  2472 | D:3      | 2472 ||| READING 2 scrolls of identify.
  2472 | D:3      | 2472 ||| IDENTIFYING viscous puce potion
  2473 | D:3      | 2473 ||| READING scroll of identify.
  2473 | D:3      | 2473 ||| IDENTIFYING bubbling brown potion
  2474 | D:3      | 2474 ||| READING scroll labelled CAXER VEETWI.
  2477 | D:3      | 2477 ||| DRINKING 2 fuming silvery potions.
  2478 | D:3      | 2478 ||| DROPPING potion of brilliance.
  2514 | D:4      | Reached skill level 9 in Ranged Weapons
  2514 | D:4      | HP: 7/29 [hobgoblin (3)]
  2515 | D:4      | Slain by a gnoll

Levels and vault maps discovered:
D:1:      minmay_arrival_split_and_join, layout_basic,
          shapermc_ecumenical_altar_rom_forum
D:2:      layout_basic, serial_shops, shop
D:3:      layout_basic
D:4:      layout_loops_corners, uniq_ijyb

Skill      XL: |  1  2  3  4  5 |
---------------+----------------+-----
Ranged Weapons | 6 7 8 9 |  9.0
Fighting       | |  1.5
Dodging        | |  2.4
Stealth        | |  1.2

Action                     |  1- 3 |  4- 6 || total
---------------------------+-------+-------++-------
   Fire: Shortbow          |   102 |    85 ||   187
    Use: Scroll            |     4 |     5 ||     9
         Potion            |       |     1 ||     1
 Armour: Leather armour    |    19 |     2 ||    21
         Ring mail         |       |    17 ||    17
  Dodge: Dodged            |    14 |    29 ||    43

Table legend:
 A = Non-vault XP
 B = Vault XP
 C = Vault XP percentage of total XP
 D = Non-vault monster count
 E = Vault monster count
 F = Vault count percentage of total count
                 A         B        C        D         E       F
            +---------+---------+-------+---------+---------+-------
      Total |     290 |       0 |   0.0 |      75 |       0 |   0.0
            +---------+---------+-------+---------+---------+-------
        D:1 |      58 |       0 |   0.0 |      31 |       0 |   0.0
        D:2 |      61 |       0 |   0.0 |      22 |       0 |   0.0
        D:3 |      88 |       0 |   0.0 |      17 |       0 |   0.0
        D:4 |      83 |       0 |   0.0 |       5 |       0 |   0.0
            +---------+---------+-------+---------+---------+-------
